 Dungeon Crawl Stone Soup version 0.29-a0-330-g52719c12eb (webtiles) character file.

Game seed: 1123943616303047079

187672 HoaS the Brawler (level 17, -3/180 HPs)
             Began as a Troll Gladiator on May 21, 2022.
             Was a High Priest of Okawaru.
             Slain by a water elemental (14 damage)
             ... on level 1 of the Shoals.
             The game lasted 01:21:40 (26182 turns).

HoaS the Brawler (Troll Gladiator)                 Turns: 26182, Time: 01:21:41

Health: -3/180     AC: 21    Str: 28      XL:     17   Next: 45%
Magic:  23/23      EV: 14    Int:  8      God:    Okawaru [*****.]
Gold:   326        SH:  0    Dex: 16 (17) Spells: 16/16 levels left

rFire   x . .      SeeInvis +     - Unarmed
rCold   + + .      Faith    .   (no shield)
rNeg    + . .      Spirit   .   l - +0 ice dragon scales "Culadof" {rF- rC++ rN+ Str+2 Int+2 Slay+6}
rPois   .          Reflect  .   p - +3 crown of Dyrovepreva {rElec Int+2 SInv}
rElec   +          Harm     .   D - +2 cloak {Will+}
rCorr   .          Rampage  .   (gloves unavailable)
Will    +++..                   (boots unavailable)
Stlth   ..........              h - amulet of regeneration
HPRegen 2.00/turn               i - ring of willpower
MPRegen 0.18/turn               J - +4 ring of protection

@: engulfed (cannot breathe), studying Dodging
A: large, unfitting armour, claws 3, regeneration 1, shaggy fur 1, tough skin 1
}: 1/15 runes: gossamer
a: Renounce Religion, Heroism, Finesse, Duel


You were on level 1 of the Shoals.
You worshipped Okawaru.
Okawaru was extremely pleased with you.
You visited 6 branches of the dungeon, and saw 29 of its levels.
You also visited: Gauntlet.

You collected 2932 gold pieces.
You spent 2606 gold pieces at shops.

Inventory:

Missiles
 c - 3 throwing nets
 d - 39 large rocks (quivered)
Armour
 l - the +0 ice dragon scales "Culadof" (worn) {rF- rC++ rN+ Str+2 Int+2 Slay+6}
   (You found it on level 1 of the Shoals)

   Str:       It affects your strength (+2).
   Int:       It affects your intelligence (+2).
   Slay:      It affects your accuracy & damage with ranged weapons and melee
   (+6).
   rF:        It makes you vulnerable to fire.
   rC:        It greatly protects you from cold.
   rN:        It protects you from negative energy.
 p - the +3 crown of Dyrovepreva (worn) {rElec Int+2 SInv}
   (You found it on level 8 of the Dungeon)

   Int:       It affects your intelligence (+2).
   rElec:     It insulates you from electricity.
   SInv:      It lets you see invisible.
 D - a +2 cloak of willpower (worn)
 G - a +0 troll leather armour
Jewellery
 b - a ring of positive energy
 h - an amulet of regeneration (around neck)
 i - a ring of willpower (left claw)
 z - a +4 ring of evasion
 J - a +4 ring of protection (right claw)
Wands
 e - a wand of mindburst (4)
 f - a wand of iceblast (27)
 n - a wand of digging (20)
 r - a wand of polymorph (9)
 y - a wand of flame (81)
 F - a wand of paralysis (7)
Scrolls
 g - 4 scrolls of fog
 s - 3 scrolls of holy word
 t - 11 scrolls of identify
 v - 6 scrolls of blinking
 w - 13 scrolls of teleportation
 x - 2 scrolls of fear
 H - 3 scrolls of enchant armour
Potions
 a - 2 potions of heal wounds
 j - 2 potions of mutation
 k - 9 potions of flight
 m - 5 potions of cancellation
 o - 10 potions of curing
 u - 3 potions of attraction
 B - 5 potions of lignification
 C - 5 potions of might
 I - 6 potions of haste
 L - 2 potions of berserk rage
 M - 5 potions of ambrosia
 N - 2 potions of invisibility


   Skills:
 * Level 14.1 Fighting
 + Level 7.5 Throwing
 + Level 14.3 Dodging
 * Level 19.0 Unarmed Combat
 + Level 10.4 Invocations


You had 16 spell levels left.
You didn't know any spells.
Your spell library contained the following spells:

 Spells                   Type           Power      Damage    Failure   Level
 Beastly Appendage        Tmut           0%         N/A       75%         1
 Foxfire                  Conj/Fire      0%         2x1d4     75%         1
 Pain                     Necr           0%         1d4       75%         1
 Corpse Rot               Necr/Air       0%         N/A       87%         2
 Sublimation of Blood     Necr           0%         N/A       87%         2
 Wereblood                Tmut           0%         N/A       87%         2
 Conjure Flame            Conj/Fire      0%         6-21      98%         3
 Frozen Ramparts          Ice            0%         1d2       98%         3
 Inner Flame              Hex/Fire       0%         N/A       98%         3
 Vampiric Draining        Necr           0%         2d6       98%         3
 Dispel Undead            Necr           0%         3d6       100%        4
 Flame Wave               Conj/Fire      0%         2d4       100%        4
 Fulminant Prism          Conj/Hex       0%         3d6       100%        4
 Hailstorm                Conj/Ice       0%         3d3       100%        4
 Ice Form                 Ice/Tmut       0%         N/A       100%        4
 Iskenderun's Mystic Bla  Conj/Tloc      0%         2d3       100%        4
 Alistair's Intoxication  Tmut/Pois      0%         N/A       100%        5
 Irradiate                Conj/Tmut      0%         3d13      100%        5
 Lee's Rapid Deconstruct  Erth           0%         3d5*      100%        5
 Statue Form              Tmut/Erth      0%         N/A       100%        6
 Borgnjor's Revivificati  Necr           0%         N/A       100%        8
 Necromutation            Tmut/Necr      0%         N/A       100%        8
 Death's Door             Necr           0%         N/A       100%        9
 Animate Skeleton         Necr           Unusable   N/A       N/A         1
 Summon Ice Beast         Ice/Summ       Unusable   N/A       N/A         4
 Death Channel            Necr           Unusable   N/A       N/A         6
 Simulacrum               Ice/Necr       Unusable   N/A       N/A         6
 Summon Hydra             Summ           Unusable   N/A       N/A         7

Dungeon Overview and Level Annotations

Branches:
Dungeon (15/15)            Temple (1/1) D:5            Lair (6/6) D:10
 Shoals (1/4) Lair:2       Spider (4/4) Lair:4        Slime (0/5) Lair:5
    Orc (2/2) D:10            Elf (0/3) Orc:2        Vaults (0/5) D:13
 Depths (0/4) D:15        Gauntlet (visited)

Altars:
Ashenzari
Cheibriados
Dithmenos
Elyvilon
Fedhas
Gozag
Hepliaklqana
Kikubaaqudgha
Makhleb
Nemelex Xobeh
Okawaru
Qazlal
Ru
Sif Muna
Trog
Uskayaw
Vehumet
Wu Jian
Xom
Yredelemnul
Zin
The Shining One
Lugonu

Shops:
D:7 *   D:10 :   Orc:2 (([=*

Portals:
Hell: Lair:6


Innate Abilities, Weirdness & Mutations

You are too large for most types of armour.
You have claws for hands.
Your natural rate of healing is unusually fast.
You are covered in fur. (AC +1)
You have tough skin. (AC +1)


Message History

You claw the merfolk aquamancer!
The merfolk aquamancer is lightly wounded.
Your lungs strain for air!
The merfolk aquamancer hits you with a +0 rapier!
The water elemental closely misses you.
You closely miss the merfolk aquamancer.
The merfolk aquamancer is lightly wounded.
Your lungs strain for air!
The water elemental is engulfed in a cloud of scalding steam.
The water elemental hits you.
The merfolk aquamancer casts a spell at you.
The shard of ice hits you!! You partially resist.
The water elemental misses you.
You claw the merfolk aquamancer! You claw the merfolk aquamancer.
The merfolk aquamancer is moderately wounded.
Your lungs strain for air!
The water elemental is engulfed in a cloud of scalding steam.
The water elemental hits you.
You claw the merfolk aquamancer!
Your claw misses the merfolk aquamancer.
The merfolk aquamancer is heavily wounded.
* * * LOW HITPOINT WARNING * * *
Your lungs strain for air!
The merfolk aquamancer hits you but does no damage.
The water elemental hits you!
* * * LOW HITPOINT WARNING * * *
You eviscerate the merfolk aquamancer!!!
You kill the merfolk aquamancer!
Okawaru accepts your kill.
* * * LOW HITPOINT WARNING * * *
Your lungs strain for air!
The water elemental misses you.
A manticore comes into view.
The water elemental hits you!
* * * LOW HITPOINT WARNING * * *
You slip free of the water engulfing you.
* * * LOW HITPOINT WARNING * * *
Your lungs strain for air!
The water elemental hits you!
You die...

≈≈≈≈≈≈≈≈≈≈..≈≈≈)≈≈≈≈≈≈≈ ≈≈≈≈≈
≈≈≈≈≈≈≈≈≈≈....≈≈≈≈≈≈≈≈≈≈
≈≈≈≈≈≈≈≈≈≈≈≈≈≈≈≈.≈.##....≈≈≈≈≈≈≈≈
≈≈≈≈≈≈≈≈≈≈≈≈≈≈≈≈≈..###.>P≈≈≈≈≈≈≈≈
≈≈≈≈≈≈≈≈≈≈≈≈≈≈≈≈≈......PP≈≈≈≈≈≈≈≈
≈≈≈≈≈≈≈≈≈≈≈≈≈≈≈≈≈.####.PPP..≈≈≈≈≈
≈≈≈≈≈≈≈≈≈≈≈≈≈≈≈≈≈.# ##.P#..≈≈≈≈≈
≈≈≈≈≈≈≈≈≈≈≈≈≈≈≈.E.# #..###..[≈≈≈
≈..≈≈≈≈≈≈≈≈≈≈≈≈.@E####..###...≈≈≈
.....≈...≈≈≈≈≈≈≈≈.H..........≈≈≈≈
##.....##.≈≈≈≈≈≈≈≈≈...##...[.≈≈≈≈
#####.###.≈≈≈≈≈≈≈≈≈≈≈≈.......≈≈≈≈
####..# #.≈≈≈≈≈≈≈≈≈≈≈≈≈≈.≈≈≈≈≈≈≈≈
..#...###≈≈≈≈≈≈≈≈≈≈≈≈≈≈..≈≈≈≈≈≈≈≈
........?.≈≈≈≈≈≈≈≈≈≈≈≈≈≈..≈≈≈≈≈≈≈
###.......÷<≈)≈≈≈≈≈≈≈.....))≈≈≈≈≈
.###...##..≈≈≈≈≈≈≈...##...≈≈≈≈≈≈≈


You could see a manticore and 2 water elementals.

Vanquished Creatures
  Rupert (Lair:5)
  Jorgrun (Shoals:1)
  Mlioglotl (Spider:4)
  Gastronok (D:11)
  A storm dragon (D:11)
  Roxanne (Spider:3)
  6 emperor scorpions
  6 ghost moths
  Louise (Spider:4)
  An orc warlord (Orc:2)
  2 broodmothers
  4 entropy weavers
  A minotaur (Gauntlet)
  4 spark wasps
  A dire elephant (Lair:6)
  A fire dragon (D:15)
  3 vault guards (D:13)
  7 hydras
  2 jorogumos
  2 rakshasas
  An ice dragon (D:15)
  6 boulder beetles
  A merfolk aquamancer (Shoals:1)
  Erica (D:11)
  5 centaur warriors
  4 two-headed ogres
  3 tengu warriors
  Urug (Lair:6)
  2 orc high priests (Orc:2)
  Sonja (Orc:2)
  A fire crab (Lair:4)
  5 skeletal warriors (D:15)
  7 pharaoh ants
  2 sixfirhies
  2 sun moths (Spider:4)
  3 sea snakes (Shoals:1)
  2 wizards
  A lindwurm (Lair:6)
  12 orb spiders
  8 steelbarb worms
  3 orc knights
  2 deep elf pyromancers
  6 orc sorcerers
  6 cyclopes
  26 wolf spiders
  22 ugly things
  2 oklob plants
  5 manticores
  2 moths of wrath
  3 merfolk sirens
  Maurice (D:10)
  11 elephants (Lair:5)
  8 black mambas
  A black mamba (shapeshifter) (D:12)
  2 water nymphs (Shoals:1)
  7 torpor snails
  3 orange demons (Lair:6)
  12 cane toads
  5 komodo dragons
  2 rime drakes (Lair:6)
  2 kobold demonologists (D:11)
  2 efreet
  A hellwing (Lair:6)
  5 demonic crawlers
  2 ice devils (Lair:6)
  3 trolls
  A tengu conjurer (D:13)
  4 merfolk (Shoals:1)
  A red devil (Lair:6)
  3 polar bears
  A tarantella (shapeshifter) (D:13)
  19 tarantellas
  10 blink frogs
  19 hornets
  A wind drake (Shoals:1)
  10 slime creatures
  25 culicivoras
  A centaur simulacrum (D:15)
  A vampire (D:14)
  29 jumping spiders
  3 wraiths
  2 shadows
  44 yaks
  2 fire elementals (Gauntlet)
  9 humans (D:13)
  5 wyverns
  2 steam dragons
  63 redbacks
  3 wargs (Orc:2)
  3 acid dragons
  13 water moccasins
  5 hell hounds
  Duvessa (D:7)
  An ice beast (D:6)
  27 orc warriors
  2 sky beasts
  A swamp drake (D:10)
  6 ogres
  22 wolves
  A boggart (D:12)
  8 centaurs
  A phantom (D:3)
  4 kobold brigands
  A necrophage (D:5)
  7 scorpions
  13 bullfrogs
  Dowan (D:7)
  2 oklob saplings (D:8)
  4 electric eels
  3 howler monkeys (D:11)
  4 jellies
  A quasit (D:8)
  4 hounds
  10 orc priests
  A gnoll shaman (D:9)
  3 iguanas
  Terence (D:3)
  22 orc wizards
  6 hell rats (Lair:1)
  10 adders
  7 gnolls
  A shadow imp (D:5)
  A white imp (D:6)
  2 worms (D:2)
  A dart slug (D:2)
  59 orcs
  5 endoplasms
  5 giant cockroaches
  4 goblins
  11 hobgoblins
  2 jackals (D:1)
  4 quokkas
  14 ball pythons
  A bat (D:2)
  A frilled lizard (D:3)
  A goblin skeleton (D:8)
  A goblin zombie (D:8)
  3 hobgoblin zombies (D:8)
  25 kobolds
  A kobold zombie (D:8)
  An orc skeleton (D:8)
  2 orc zombies (D:8)
  A rat (D:1)
858 creatures vanquished.

Vanquished Creatures (others)
  A komodo dragon (Lair:4)
  A jumping spider (Spider:1)
  41 fungi
  26 plants
69 creatures vanquished.

Grand Total: 927 creatures vanquished

Notes
Turn   | Place    | Note
-------+----------+-------------------------------------------
     0 | D:1      | HoaS the Troll Gladiator began the quest for the Orb.
     0 | D:1      | Reached XP level 1. HP: 19/19 MP: 0/0
    95 | D:1      | Found a faded altar of an unknown god.
   483 | D:1      | Reached XP level 2. HP: 27/27 MP: 1/1
   633 | D:2      | Reached skill level 4 in Unarmed Combat
   705 | D:2      | Reached XP level 3. HP: 33/33 MP: 2/2
   943 | D:2      | Reached skill level 5 in Unarmed Combat
   943 | D:2      | Reached XP level 4. HP: 31/41 MP: 3/3
  1148 | D:3      | Noticed a phantom
  1165 | D:3      | Killed a phantom
  1166 | D:3      | Reached XP level 5. HP: 45/48 MP: 4/4
  1189 | D:3      | Found a glowing silver altar of Zin.
  1228 | D:3      | Noticed Terence
  1234 | D:3      | Killed Terence
  1235 | D:3      | Reached skill level 6 in Unarmed Combat
  1314 | D:3      | Found an opulent altar of Gozag.
  1404 | D:3      | Identified the +2 whip of Innocence {elec, rPois rF+ Str+3}
  1738 | D:4      | Reached XP level 6. HP: 40/57 MP: 2/5
  2029 | D:4      | Found an ornate altar of the Wu Jian Council.
  2425 | D:5      | Entered Level 5 of the Dungeon
  2468 | D:5      | Found a bloodstained altar of Trog.
  2515 | D:5      | Noticed a sky beast
  2524 | D:5      | Killed a sky beast
  2525 | D:5      | Reached XP level 7. HP: 62/66 MP: 4/6
  2602 | D:5      | Found a staircase to the Ecumenical Temple.
  2610 | Temple   | Entered the Ecumenical Temple
  2826 | D:5      | Found a hazy altar of Hepliaklqana.
  2852 | D:5      | Found a broken altar of Ashenzari.
  3039 | D:6      | Reached skill level 7 in Unarmed Combat
  3190 | D:6      | Reached XP level 8. HP: 72/78 MP: 5/7
  3719 | D:7      | Found a white marble altar of Elyvilon.
  3724 | D:7      | Found a shadowy altar of Dithmenos.
  3758 | D:7      | Found a burning altar of Makhleb.
  3758 | D:7      | Found a sacrificial altar of Ru.
  3758 | D:7      | Found an iron altar of Okawaru.
  3767 | D:7      | Became a worshipper of Warmaster Okawaru
  3801 | D:7      | Noticed Duvessa
  3801 | D:7      | Noticed Dowan
  3816 | D:7      | Killed Duvessa
  3820 | D:7      | Killed Dowan
  3852 | D:7      | Found a stormy altar of Qazlal.
  3853 | D:7      | Noticed an air elemental
  3914 | D:7      | Found Peutz's General Store.
  3927 | D:7      | Bought a potion of curing for 42 gold pieces
  4039 | D:7      | Found a shimmering blue altar of Sif Muna.
  4328 | D:8      | Reached skill level 5 in Dodging
  4328 | D:8      | Reached skill level 8 in Unarmed Combat
  4328 | D:8      | Reached skill level 1 in Invocations
  4438 | D:8      | Noticed a brown ugly thing
  4483 | D:8      | Killed a brown ugly thing
  4483 | D:8      | Reached * piety under Okawaru
  4484 | D:8      | Reached XP level 9. HP: 77/87 MP: 5/9
  4542 | D:8      | Reached skill level 5 in Fighting
  4584 | D:8      | Noticed a centaur warrior
  4585 | D:8      | Found the +3 crown of Dyrovepreva {rElec Int+2 SInv}
  4593 | D:8      | Killed a centaur warrior
  4694 | D:8      | Found a glowing golden altar of the Shining One.
  4791 | D:8      | Reached ** piety under Okawaru
  4834 | D:8      | Found a shimmering altar of Xom.
  5190 | D:8      | Noticed a tengu warrior
  5207 | D:8      | Killed a tengu warrior
  5208 | D:8      | Reached skill level 9 in Unarmed Combat
  5270 | D:8      | Identified the amulet of the Jumping Hero {Faith Int+3}
  5475 | D:8      | Reached XP level 10. HP: 47/98 MP: 3/11
  5635 | D:8      | Reached *** piety under Okawaru
  6566 | D:10     | Entered Level 10 of the Dungeon
  6685 | D:10     | Noticed a purple ugly thing
  6706 | D:10     | Reached skill level 5 in Throwing
  6732 | D:10     | Killed a purple ugly thing
  6754 | D:10     | Reached **** piety under Okawaru
  6771 | D:10     | Reached skill level 10 in Unarmed Combat
  6846 | D:10     | Noticed Maurice
  6853 | D:10     | Killed Maurice
  6957 | D:10     | Found Loiligerch's Self-Improvement Boutique.
  6992 | D:10     | Found a radiant altar of Vehumet.
  6995 | D:10     | Found a staircase to the Lair.
  7248 | D:10     | Reached ***** piety under Okawaru
  7275 | D:10     | Found a staircase to the Orcish Mines.
  7310 | D:10     | Reached XP level 11. HP: 54/109 MP: 0/12
  7744 | Orc:1    | Entered Level 1 of the Orcish Mines
  7807 | Orc:1    | Noticed an orc sorcerer
  7815 | Orc:1    | Noticed a sixfirhy
  7818 | Orc:1    | Killed an orc sorcerer
  7831 | Orc:1    | You fall into a shaft and drop 1 floor!
  7831 | Orc:2    | Entered Level 2 of the Orcish Mines
  7833 | Orc:2    | Found a staircase to the Elven Halls.
  7909 | Orc:2    | Noticed an orc sorcerer
  7925 | Orc:2    | Killed an orc sorcerer
  7970 | Orc:2    | Noticed an orc high priest
  7975 | Orc:2    | Noticed a two-headed ogre
  7980 | Orc:2    | Killed an orc high priest
  7980 | Orc:2    | Received a gift from Okawaru
  7988 | Orc:2    | Killed a two-headed ogre
  8019 | Orc:2    | Noticed an orc knight
  8036 | Orc:2    | Killed an orc knight
  8037 | Orc:2    | Reached skill level 11 in Unarmed Combat
  8071 | Orc:2    | Noticed an orc sorcerer
  8086 | Orc:2    | Killed an orc sorcerer
  8095 | Orc:2    | Noticed an orc sorcerer
  8100 | Orc:2    | Noticed an orc knight
  8125 | Orc:2    | Killed an orc knight
  8156 | Orc:2    | Noticed Sonja
  8192 | Orc:2    | Killed Sonja
  8192 | Orc:2    | Identified the +6 fustibalus "Tolaotz" {speed, +Blink rC-
                  | rN++ Str+2} (Okawaru gifted it to you on level 2 of the
                  | Orcish Mines)
  8192 | Orc:2    | Received a gift from Okawaru
  8270 | Orc:2    | Noticed an orc warlord
  8287 | Orc:2    | Killed an orc warlord
  8303 | Orc:2    | Noticed an orc sorcerer
  8309 | Orc:2    | Killed an orc sorcerer
  8368 | Orc:2    | Noticed an orc high priest
  8377 | Orc:2    | Received a gift from Okawaru
  8378 | Orc:2    | Reached XP level 12. HP: 122/122 MP: 9/13
  8384 | Orc:2    | Killed an orc high priest
  8490 | Orc:2    | Found Meteh's Jewellery Shoppe.
  8623 | Orc:2    | Found Faghulei's General Store.
  8634 | Orc:2    | Found Suomutil's Antique Armour Emporium.
  8706 | Orc:2    | Found Diupigha's Antique Weapon Shop.
  8720 | Orc:2    | Found Uddeas's Weapon Shop.
  8757 | Orc:2    | Found a radiant altar of Vehumet.
  8904 | Orc:2    | Bought the amulet "Niosatsi" {Reflect rElec Str+3 Int+4
                  | Slay+3 SH+5} for 1069 gold pieces
  9042 | D:11     | Noticed Gastronok
  9102 | D:11     | Killed Gastronok
  9103 | D:11     | Reached skill level 12 in Unarmed Combat
  9306 | D:11     | Reached ****** piety under Okawaru
  9341 | D:11     | Noticed Erica
  9346 | D:11     | Killed Erica
  9346 | D:11     | Received a gift from Okawaru
  9382 | D:11     | Found a runed translucent door.
  9776 | D:11     | Found a burning altar of Makhleb.
  9907 | D:12     | Noticed a seven-headed hydra
  9910 | D:12     | Killed a seven-headed hydra
 10018 | D:12     | Noticed a boulder beetle
 10048 | D:12     | Killed a boulder beetle
 10144 | D:12     | Identified the +1 ring mail "Eceh" {Str+4 Int+3}
 10415 | D:12     | Noticed a boulder beetle
 10432 | D:12     | Killed a boulder beetle
 10432 | D:12     | Identified the +8 tower shield of the Six Visions {Str+2}
                  | (Okawaru gifted it to you on level 12 of the Dungeon)
 10432 | D:12     | Received a gift from Okawaru
 10438 | D:12     | Noticed a two-headed ogre
 10439 | D:12     | Noticed a rakshasa
 10439 | D:12     | Noticed a two-headed ogre
 10443 | D:12     | Noticed a tengu warrior
 10448 | D:12     | Killed a two-headed ogre
 10457 | D:12     | Killed a two-headed ogre
 10458 | D:12     | Reached skill level 10 in Dodging
 10458 | D:12     | Reached XP level 13. HP: 122/133 MP: 15/15
 10479 | D:12     | Reached skill level 10 in Fighting
 10479 | D:12     | Reached skill level 13 in Unarmed Combat
 10484 | D:12     | Identified the amulet "Kuesitio" {RegenMP Will+}
 10499 | D:12     | Noticed a storm dragon
 10565 | D:11     | Killed a storm dragon
 10909 | Lair:1   | Entered Level 1 of the Lair of Beasts
 11091 | Lair:1   | Reached skill level 5 in Invocations
 11638 | Lair:2   | Found a glowing silver altar of Zin.
 11951 | Lair:2   | Received a gift from Okawaru
 12296 | Lair:2   | Identified the +8 great mace of Zaeriatu {flame, Str+4
                  | Int+8 Dex-4}
 12390 | Lair:2   | Found a staircase to the Shoals.
 13275 | Lair:4   | Received a gift from Okawaru
 13276 | Lair:4   | Reached skill level 14 in Unarmed Combat
 13695 | Lair:4   | Found a hole to the Spider Nest.
 13898 | Lair:4   | Reached XP level 14. HP: 144/144 MP: 17/17
 14421 | Lair:5   | Received a gift from Okawaru
 14579 | Lair:5   | Found a staircase to the Slime Pits.
 14591 | Lair:5   | Noticed Rupert
 14601 | Lair:5   | Killed Rupert
 14642 | Lair:5   | Received a gift from Okawaru
 15154 | Lair:6   | Entered Level 6 of the Lair of Beasts
 15227 | Lair:6   | Reached skill level 15 in Unarmed Combat
 15637 | Lair:6   | Found a burning altar of Makhleb.
 15767 | Lair:6   | Found a gateway to Hell.
 15957 | Lair:6   | Received a gift from Okawaru
 16192 | Lair:6   | Noticed Urug
 16195 | Lair:6   | Killed Urug
 16913 | D:13     | Reached XP level 15. HP: 128/154 MP: 19/19
 16929 | D:13     | Found a gate to the Vaults.
 17106 | D:13     | Reached skill level 16 in Unarmed Combat
 17251 | D:13     | You fall into a shaft and drop 1 floor!
 17972 | D:14     | Received a gift from Okawaru
 18233 | D:15     | Entered Level 15 of the Dungeon
 18248 | D:15     | Found a gate leading to a gauntlet.
 18269 | Gauntlet | Entered a Gauntlet
 18269 | Gauntlet | Found a transporter.
 18289 | Gauntlet | Found a transporter.
 18300 | Gauntlet | Found a transporter.
 18305 | Gauntlet | Found a transporter.
 18320 | Gauntlet | Found a transporter.
 18339 | Gauntlet | Found a transporter.
 18351 | Gauntlet | Found a transporter.
 18357 | Gauntlet | Found a transporter.
 18372 | Gauntlet | Found a transporter.
 18384 | Gauntlet | Found a transporter.
 18396 | Gauntlet | Found a transporter.
 18413 | Gauntlet | Found a transporter.
 18431 | Gauntlet | Found a transporter.
 18433 | Gauntlet | Found a transporter.
 18435 | Gauntlet | Found a runed translucent gate.
 18435 | Gauntlet | Found a runed translucent gate.
 18435 | Gauntlet | Found a runed translucent gate.
 18438 | Gauntlet | Found a large runed translucent door.
 18438 | Gauntlet | Found a large runed translucent door.
 18438 | Gauntlet | Found a large runed translucent door.
 18438 | Gauntlet | Found a large runed translucent door.
 18441 | Gauntlet | Found a large runed translucent door.
 18441 | Gauntlet | Found a large runed translucent door.
 18442 | Gauntlet | Found a large runed translucent door.
 18442 | Gauntlet | Found a large runed translucent door.
 18445 | Gauntlet | Found a large runed translucent door.
 18445 | Gauntlet | Found a large runed translucent door.
 18445 | Gauntlet | Found a runed translucent door.
 18445 | Gauntlet | Found a runed translucent door.
 18446 | Gauntlet | Found a large runed translucent door.
 18447 | Gauntlet | Found a large runed translucent door.
 18456 | Gauntlet | Found a large runed translucent door.
 18456 | Gauntlet | Found a large runed translucent door.
 18457 | Gauntlet | Found a large runed translucent door.
 18458 | Gauntlet | Found a large runed translucent door.
 18460 | Gauntlet | Found a transporter.
 18460 | Gauntlet | Found a transporter.
 18480 | Gauntlet | Found a transporter.
 18535 | Gauntlet | Found a transporter.
 18642 | Gauntlet | Identified the +0 helmet "Pirixow" {+Blink +Inv Stlth+}
 18685 | Gauntlet | Identified the amulet "Widops" {Reflect rElec rC+ rN+ Int+4
                  | SH+5}
 18713 | Gauntlet | Identified the ring of Leagaur {Contam Int+6 Dex+4}
 18996 | D:15     | Found a staircase to the Depths.
 19709 | Spider:1 | Entered Level 1 of the Spider Nest
 19730 | Spider:1 | Identified the +1 robe "Hafoasel" {Fly Will+ Int+2}
                  | (Okawaru gifted it to you on level 1 of the Spider Nest)
 19730 | Spider:1 | Received a gift from Okawaru
 19976 | Spider:1 | Reached skill level 17 in Unarmed Combat
 20615 | Spider:1 | Reached XP level 16. HP: 154/163 MP: 21/21
 21322 | D:10     | Bought a manual of Dodging for 1120 gold pieces
 22194 | Spider:2 | Received a gift from Okawaru
 22688 | Spider:2 | Paralysed by a hornet for 1 turns
 22743 | Spider:2 | Reached skill level 18 in Unarmed Combat
 23012 | Spider:3 | Received a gift from Okawaru
 23213 | Spider:3 | Received a gift from Okawaru
 23266 | Spider:3 | Identified Roxanne's Reference Book on Changing
 23266 | Spider:3 | Noticed Roxanne
 23296 | Spider:3 | Killed Roxanne
 23349 | Spider:3 | Received a gift from Okawaru
 23387 | Spider:3 | Identified the +2 pair of gloves "Giriuhok" {rPois rCorr
                  | Str-5 SInv}
 23739 | Spider:4 | Entered Level 4 of the Spider Nest
 23782 | Spider:4 | Noticed Mlioglotl
 23800 | Spider:4 | Killed Mlioglotl
 23840 | Spider:4 | Reached skill level 10 in Invocations
 23927 | Spider:4 | Reached XP level 17. HP: 170/178 MP: 23/23
 24070 | Spider:4 | Noticed Louise
 24090 | Spider:4 | Killed Louise
 24731 | Spider:4 | HP: 4/176 [ghost moth (9)]
 25074 | Spider:4 | Received a gift from Okawaru
 25077 | Spider:4 | Got a gossamer rune of Zot
 25685 | Orc:2    | Bought a ring of willpower for 375 gold pieces
 25831 | Shoals:1 | Entered Level 1 of the Shoals
 25874 | Shoals:1 | Noticed Jorgrun
 25886 | Shoals:1 | Killed Jorgrun
 25887 | Shoals:1 | Reached skill level 19 in Unarmed Combat
 25902 | Shoals:1 | Found a shimmering blue altar of Sif Muna.
 26009 | Shoals:1 | Identified the +0 ice dragon scales "Culadof" {rF- rC++ rN+
                  | Str+2 Int+2 Slay+6}
 26182 | Shoals:1 | HP: 9/180 [drowned by a water elemental (8)]
 26182 | Shoals:1 | Slain by a water elemental

Illustrated notes

Levels and vault maps discovered:
D:1:      dpeg_arrival_lava_temple_mockup, layout_basic,
          hellmonk_ecumenical_altar_pennies_from_heaven
D:2:      layout_rooms, minmay_misc_feat_nine_boxes, kennysheep_pointless_box,
          nicolae_figureground_pulse
D:3:      layout_basic, pdpol_temple_overflow_zin_treasury_gozag_greed,
          uniq_terence
D:4:      layout_loops_corners, pdpol_wu_jian_five_deadly_venoms
D:5:      layout_rooms, mainiacjoe_overflow_small_starburst,
          nicolae_hepliaklqana_hazy_memory, mainiacjoe_overflow_catwalk,
          temple_green
D:6:      layout_loops_cross
D:7:      layout_basic, nicolae_qazlal_style_of_elements, minitemple,
          nicolae_sif_muna_condensation, serial_shops, shop_coins,
          eino_curves_03, uniq_duvessa
D:8:      minmay_tri_box, layout_loops_ring, lemuel_round_altar,
          nicolae_tso_besieged_by_evil, nrook_pool_corridor,
          introduction_to_nature_2
D:9:      layout_loops_ring, minmay_misc_feat_pillars
D:10:     layout_irregular_city, mainiacjoe_overflow_chevrons, erik_orc_1,
          abandoned_shop, wad_floor_pattern_2, minivault_25,
          nicolae_shop_self_help, uniq_maurice
D:11:     layout_basic, nzn_makhleb_speed_demon, uniq_gastronok, uniq_erica
D:12:     minmay_expanding_squares, layout_basic,
          chequers_serial_rivers_small_b, small_statue_intersection
D:13:     nicolae_cairo_tiling, layout_irregular_city, ximxim_vaults_locker_room
D:14:     layout_roguey, nicolae_figureground_sparkle, chequers_garden
D:15:     grunt_enter_depths_hoard, layout_irregular_city, corexii_corridor_pit,
          gauntlet_entry_generic
Temple:   corrupted_temple
Lair:1:   layout_hall_layers, dpeg_stationary_puzzle
Lair:2:   layout_cave_pods, elwin_shoals_entry_rooms, basic_altar,
          chequers_serial_rivers_large_a, serial_bayou_shore_b
Lair:3:   layout_roguey, minivault_25
Lair:4:   layout_cave_pods, nicolae_spider_entry_tight_spaces,
          grunt_megastairs_4, serial_bayou_shore_a
Lair:5:   layout_small_grid, slime_dummy, uniq_rupert
Lair:6:   evil_forest, layout_regular_city, uniq_urug
Shoals:1: layout_shoals, lemuel_altar_in_water, uniq_jorgrun
Spider:1: layout_chambers, drop_trap
Spider:2: spiders_nest_scorpion_pit, guppyfry_hornet_nest,
          hangedman_spider_tarantella_strand
Spider:3: nicolae_spider_mines_1, nicolae_spider_webbed_stairs, uniq_roxanne
Spider:4: spider_rune_water, uniq_louise, uniq_mlioglotl
Orc:1:    layout_caves, gammafunk_ghost_abyssal_escape,
          okawaru_metal_pillars_1_2
Orc:2:    grunt_orc_gardens, layout_caves, grunt_orc_garden, grunt_orc_garden,
          grunt_orc_garden, grunt_orc_garden, basic_altar, serial_shops, shop,
          uniq_sonja

Skill      XL: |  1  2  3  4  5  6  7  8  9 10 11 12 13 14 15 16 17 |
---------------+----------------------------------------------------+-----
Unarmed Combat | 4 5 6 7 8 9 10 11 12 14 15 17 18 19 | 19.0
Throwing       | 2 3 4 5 6 7 |  7.5
Fighting       | 2 3 4 6 7 8 9 10 11 12 13 14 | 14.1
Dodging        | 3 4 5 6 7 8 10 11 12 13 14 | 14.3
Invocations    | 1 2 3 4 6 7 9 10 | 10.4

Action                   |  1- 3 |  4- 6 |  7- 9 | 10-12 | 13-15 | 16-18 || total
-------------------------+-------+-------+-------+-------+-------+-------++-------
Melee: Unarmed           |    75 |   110 |   229 |   593 |  1072 |   752 ||  2831
       Punch             |     2 |     7 |     8 |    63 |   125 |   110 ||   315
Throw: Dart              |       |       |    11 |    20 |       |       ||    31
       Throwing net      |       |       |     3 |     1 |       |       ||     4
       Large rock        |       |       |     3 |     5 |    40 |    22 ||    70
       Boomerang         |       |       |       |    22 |     2 |       ||    24
Invok: Heroism           |       |       |     1 |     8 |    11 |    10 ||    30
       Finesse           |       |       |       |     1 |     5 |     5 ||    11
Evoke: Wand              |       |       |       |     3 |       |       ||     3
  Use: Scroll            |     3 |     6 |    10 |     8 |     7 |     3 ||    37
       Potion            |       |       |     1 |     5 |       |     9 ||    15
 Stab: Sleeping          |     1 |       |     1 |       |     1 |       ||     3
       Held in net/web   |       |       |     2 |       |       |       ||     2
Armor: Robe              |    19 |    20 |    84 |    55 |       |       ||   178
       Troll leather arm |       |       |       |    60 |   327 |   257 ||   644
       Ice dragon scales |       |       |       |       |       |    13 ||    13
Dodge: Dodged            |    34 |    43 |   110 |   331 |   881 |   811 ||  2210
Block: Other             |       |       |       |    29 |   178 |       ||   207
       Reflection        |       |       |       |     2 |     5 |       ||     7

Table legend: (Time is in decaauts)
 A = Elapsed time spent in this place.
 B = Non-inter-level travel time spent in this place.
 C = Inter-level travel time spent in this place.
 D = Time resting spent in this place.
 E = Time spent auto-exploring this place.
 F = Levels seen in this place.
 G = Mean time per level.
                   A        B        C        D        E       F      G
               +--------+--------+--------+--------+--------+-----+--------+
         Total |  25558 |  23204 |   2354 |   2067 |  15636 |  30 |  851.9 |
       Dungeon |  12427 |  11057 |   1370 |    700 |   7971 |  15 |  828.5 |
        Temple |     57 |     31 |     26 |      0 |     26 |   1 |   57.0 |
          Lair |   5705 |   5043 |    662 |    185 |   3967 |   6 |  950.8 |
        Shoals |    362 |    362 |      0 |     20 |    203 |   1 |  362.0 |
   Spider Nest |   5343 |   5152 |    191 |    998 |   2805 |   4 | 1335.8 |
  Orcish Mines |   1173 |   1071 |    102 |    151 |    415 |   2 |  586.5 |
      Gauntlet |    487 |    487 |      0 |     12 |    248 |   1 |  487.0 |
               +--------+--------+--------+--------+--------+-----+--------+

Top non-repeatable levels by time:
Spider:1: 1837 daAuts
    D:10: 1669 daAuts
Spider:4: 1663 daAuts
     D:8: 1591 daAuts
  Lair:4: 1252 daAuts
  Lair:6: 1125 daAuts
Spider:2: 1098 daAuts
    D:11: 1086 daAuts
   Orc:2: 1076 daAuts
  Lair:2: 1032 daAuts
     D:4: 894 daAuts
  Lair:5: 881 daAuts
    D:12: 880 daAuts
    D:14: 815 daAuts
    D:13: 783 daAuts
